 Dungeon Crawl Stone Soup version 0.30.0-29-ga12c61a403 (webtiles) character file.

Game seed: 17287755666638692328

1271 monsoonserge the Chopper (level 8, -1/71 HPs)
             Began as a Minotaur Fighter on June 16, 2023.
             Was a Priest of Okawaru.
             Slain by an orc
             ... wielding a +1 heavy hand axe
              (6 damage)
             ... on level 5 of the Dungeon.
             The game lasted 00:09:48 (3488 turns).

monsoonserge the Chopper (Minotaur Fighter)         Turns: 3488, Time: 00:09:49

Health: -1/71      AC: 10    Str: 22    XL:     8   Next: 28%
Magic:  8/9        EV: 13    Int:  8    God:    Okawaru [***...]
Gold:   149        SH:  6    Dex: 15    Spells: 7/7 levels left

rFire   . . .        r - +3 mace of Quantum Leap {freeze, rCorr Int-3 Dex+4}
rCold   . . .        c - +0 buckler
rNeg    . . .        b - +0 scale mail
rPois   .            (helmet restricted)
rElec   .            (no cloak)
rCorr   +            h - +0 pair of gloves
SInv    .            (no boots)
Will    .....        (no amulet)
Stlth   ++           j - +6 ring of intelligence
HPRegen 0.31/turn    (no ring)
MPRegen 0.11/turn

%: no passive effects
@: lethally poisoned (-1 -> -6), heroic, invisible
A: horns 2, retaliatory headbutt
a: Renounce Religion, Heroism


You were on level 5 of the Dungeon.
You worshipped Okawaru.
Okawaru was most pleased with you.
You visited 1 branch of the dungeon, and saw 5 of its levels.

You collected 149 gold pieces.

Inventory:

Hand Weapons
 r - the +3 mace of Quantum Leap (weapon) {freeze, rCorr Int-3 Dex+4}
   (You found it on level 4 of the Dungeon)

   Int:       It affects your intelligence (-3).
   Dex:       It affects your dexterity (+4).
   rCorr:     It protects you from acid and corrosion.
Missiles
 f - 25 poisoned darts (quivered)
 t - 2 throwing nets
Armour
 b - a +0 scale mail (worn)
 c - a +0 buckler (worn)
 h - a +0 pair of gloves (worn)
Jewellery
 j - a +6 ring of intelligence (left hand)
Scrolls
 g - 8 scrolls of identify {unknown}
 i - 3 scrolls of teleportation {unknown}
 k - 2 scrolls of noise {unknown}
 o - 2 scrolls of blinking {unknown}
 s - 2 scrolls of immolation {unknown}
Potions
 a - a potion of haste
 d - a potion of might
 e - a potion of resistance {unknown}
 l - a potion of berserk rage {unknown}
 m - 2 potions of invisibility
 n - 3 potions of curing {unknown}
 p - 2 potions of mutation {unknown}
 q - a potion of ambrosia {unknown}


   Skills:
 + Level 6.4(11.4) Fighting
 - Level 7.0(12.5) Axes
 + Level 4.0(11.0) Maces & Flails
 + Level 0.5(5.5) Throwing
 + Level 6.3(11.3) Armour
 + Level 2.2(7.2) Dodging
 - Level 4.0(9.0) Shields
 - Level 3.0 Invocations


You had 7 spell levels left.
You didn't know any spells.
Your spell library contained the following spells:

 Spells                   Type           Power      Damage    Failure   Level
 Beastly Appendage        Tmut           0%         N/A       73%         1
 Magic Dart               Conj           0%         1d3       73%         1
 Wereblood                Tmut           0%         N/A       86%         2
 Mephitic Cloud           Conj/Pois/Air  0%         N/A       97%         3
 Spider Form              Tmut/Pois      0%         N/A       97%         3
 Summon Small Mammal      Summ           Unusable   N/A       N/A         1
 Call Imp                 Summ           Unusable   N/A       N/A         2
 Call Canine Familiar     Summ           Unusable   N/A       N/A         3
 Summon Guardian Golem    Hex/Summ       Unusable   N/A       N/A         3

Dungeon Overview and Level Annotations

Branches:
Dungeon (5/15)
 Temple: D:4-7

Altars:
Elyvilon
Okawaru
Ru
Vehumet


Innate Abilities, Weirdness & Mutations

You have a pair of horns on your head.
You reflexively headbutt those who attack you in melee.


Message History

You block the orc's attack.
The scorpion stings you but does no damage.
A jelly comes into view.
Something hits you but does no damage.
The jelly quivers.
You hit the scorpion but do no damage. The scorpion stings you.
You are more poisoned.
The scorpion poisons you!
You sock the scorpion! You freeze the scorpion.
The scorpion is almost dead.
You feel very sick.
The orc hits you with a +1 heavy hand axe.
* * * LOW HITPOINT WARNING * * *
Something hits you.
* * * LOW HITPOINT WARNING * * *
You block the scorpion's attack.
Okay, then.
Press: ? - help, v - describe, . - travel
Here: a scorpion (almost dead)
The floor.
You hit the scorpion but do no damage.
You headbutt the scorpion, but do no damage.
The scorpion is almost dead.
You feel sick. Something hits you but does no damage.
You block the orc's attack. The scorpion stings you.
* * * LOW HITPOINT WARNING * * *
You sock the scorpion! You freeze the scorpion.
You kill the scorpion!
Okawaru accepts your kill.
* * * LOW HITPOINT WARNING * * *
You feel sick. Something hits you but does no damage.
The hound barely misses you.
Your base Maces & Flails skill increases to level 4!
Okay, then.
It was a potion of invisibility.
You fade into invisibility!
* * * LOW HITPOINT WARNING * * *
You feel sick. The hound bites you but does no damage.
The orc hits you with a +1 heavy hand axe.
You die...

.... ..#....... #...
..#...... ##... .........
.. ....# #........ #..
....# #....J..## #... ....
#........#..... ..####..
......o{h#..... <.......
......)@).# ##. .)....##
.........###... ........
.#(.###........ ........
##. #........... #.......
#..###..........
.........##...............
.........#..#.............
#..P........##..........#
####+###.........#......#


You could see a hound, a jelly and an orc (unable to see you).

Vanquished Creatures
  Sigmund (D:4)
  Edmund (D:4)
  A black bear (D:5)
  2 phantoms
  Blork the orc (D:4)
  2 scorpions (D:5)
  2 jellies
  4 orc priests
  A gnoll bouda (D:5)
  A hound (D:5)
  3 sleepcaps
  An iguana (D:5)
  9 gnolls (D:5)
  2 adders
  A shadow imp (D:5)
  5 dart slugs
  11 orcs
  9 ball pythons
  9 endoplasms
  2 giant cockroaches
  9 goblins
  10 hobgoblins
  6 jackals
  12 kobolds
  5 quokkas
  5 bats
  2 frilled lizards
  7 rats
124 creatures vanquished.

Notes
Turn   | Place    | Note
-------+----------+-------------------------------------------
     0 | D:1      | monsoonserge the Minotaur Fighter began the quest for the
                  | Orb.
     0 | D:1      | Reached XP level 1. HP: 19/19 MP: 0/0
    80 | D:1      | Reached XP level 2. HP: 26/27 MP: 1/1
   168 | D:1      | Found a faded altar of an unknown god.
   186 | D:1      | Prayed at the altar of an unknown god.
   186 | D:1      | Became a worshipper of Warmaster Okawaru
   186 | D:1      | Reached * piety under Okawaru
   588 | D:2      | Reached XP level 3. HP: 27/33 MP: 2/2
   686 | D:2      | Reached skill level 1 in Invocations
   752 | D:2      | Reached skill level 3 in Axes
  1211 | D:3      | Reached XP level 4. HP: 41/41 MP: 3/3
  1535 | D:3      | Found a sacrificial altar of Ru.
  1568 | D:3      | Found a radiant altar of Vehumet.
  1735 | D:4      | Noticed Edmund
  1750 | D:4      | Killed Edmund
  1751 | D:4      | Reached skill level 4 in Axes
  1751 | D:4      | Reached XP level 5. HP: 11/47 MP: 2/5
  1894 | D:4      | Noticed Blork the orc
  1904 | D:4      | Reached skill level 1 in Dodging
  1904 | D:4      | Killed Blork the orc
  1904 | D:4      | Reached ** piety under Okawaru
  1905 | D:4      | Reached skill level 5 in Fighting
  1905 | D:4      | Reached skill level 5 in Axes
  1905 | D:4      | Reached XP level 6. HP: 37/56 MP: 6/6
  2044 | D:4      | Noticed Sigmund
  2058 | D:4      | Killed Sigmund
  2059 | D:4      | Reached skill level 6 in Axes
  2291 | D:4      | Reached XP level 7. HP: 50/61 MP: 8/8
  2460 | D:4      | Reached skill level 7 in Axes
  2713 | D:4      | Identified the +3 mace of Quantum Leap {freeze, rCorr Int-3
                  | Dex+4}
  2749 | D:4      | Found a white marble altar of Elyvilon.
  2874 | D:5      | Entered Level 5 of the Dungeon
  3099 | D:5      | Reached skill level 1 in Maces & Flails
  3190 | D:5      | Reached skill level 5 in Armour
  3322 | D:5      | Reached *** piety under Okawaru
  3323 | D:5      | Reached XP level 8. HP: 61/70 MP: 9/9
  3488 | D:5      | Slain by an orc

Illustrated notes

Levels and vault maps discovered:
D:1:      lemuel_arrival_hallway, layout_rooms,
          hellmonk_ecumenical_altar_crossroads, patterned_corridor
D:2:      cheibrodos_helix_gallery, layout_loops_ring
D:3:      layout_rooms, mainiacjoe_overflow_two_lobes
D:4:      layout_basic, mainiacjoe_overflow_boulevard, uniq_edmund,
          uniq_sigmund, uniq_blork_the_orc
D:5:      corexii_shantytown, layout_cave_pools

Skill      XL: |  1  2  3  4  5  6  7  8 |
---------------+-------------------------+-----
Fighting       | 4 5 6 |  6.4
Armour         | 4 5 6 |  6.3
Shields        | 4 |  4.0
Invocations    | 1 2 3 |  3.0
Axes           | 3 4 5 6 7 |  7.0
Dodging        | 1 2 |  2.2
Maces & Flails | 3 4 |  4.0
Throwing       | |  0.5

Action                     |  1- 3 |  4- 6 |  7- 9 || total
---------------------------+-------+-------+-------++-------
  Melee: War axe           |    69 |    62 |    26 ||   157
         Headbutt          |     7 |     8 |    30 ||    45
         Mace              |       |       |   104 ||   104
  Throw: Dart              |       |     4 |     2 ||     6
 Invoke: Heroism           |       |     1 |     2 ||     3
    Use: Potion            |       |       |     1 ||     1
 Armour: Scale mail        |    31 |    22 |    57 ||   110
  Dodge: Dodged            |    36 |    21 |    64 ||   121
  Block: Buckler           |    24 |    16 |    30 ||    70
